 Dungeon Crawl Stone Soup version 0.29.1 (webtiles) character file.

Game seed: 7453504946921619788

72256 qw the Warrior (level 15, -1/228 HPs)
             Began as a Minotaur Berserker on Sept 13, 2022.
             Was an Elder of Trog.
             Slain by a vault guard
             ... wielding a +3 great mace of holy wrath
              (12 damage)
             ... on level 13 of the Dungeon.
             The game lasted 00:08:01 (26480 turns).

qw the Warrior (Minotaur Berserker)                Turns: 26480, Time: 00:08:02

Health: -1/228     AC: 28    Str: 28    XL:     15   Next: 0%
Magic:  14/14      EV: 18    Int:  4    God:    Trog [****..]
Gold:   1450       SH:  0    Dex: 11    Spells: 14/14 levels left

rFire   . . .      SeeInvis .   Y - +6 war axe
rCold   . . .      Faith    .   (no shield)
rNeg    + . .      Spirit   .   r - +1 pearl dragon scales
rPois   .          Reflect  .   d - +2 hat
rElec   .          Harm     .   c - +2 cloak
rCorr   .          Rampage  .   f - +0 pair of gloves
Will    +....                   p - +0 pair of boots
Stlth   ..........              m - amulet of the acrobat
HPRegen 0.48/turn               i - +4 ring of slaying {mikee}
MPRegen 0.14/turn               k - +4 ring of evasion

@: berserking, very quick
A: horns 2, retaliatory headbutt
a: Renounce Religion, Berserk, Trog's Hand, Brothers in Arms


You were on level 13 of the Dungeon.
You worshipped Trog.
Trog was greatly pleased with you.
You visited 2 branches of the dungeon, and saw 18 of its levels.
You also visited: Ossuary.

You collected 1450 gold pieces.


Innate Abilities, Weirdness & Mutations

You have a pair of horns on your head.
You reflexively headbutt those who attack you in melee.


   Skills:
 + Level 19.0 Fighting
 - Level 16.2 Axes
 - Level 4.0 Throwing
 - Level 17.0 Armour
 - Level 10.0 Dodging


You had 14 spell levels left.
You didn't know any spells.
Your spell library was empty.

Inventory:

Hand Weapons
 q - a +4 morningstar
 Y - a +6 war axe (weapon)
Missiles
 e - 3 boomerangs (quivered)
Armour
 c - a +2 cloak (worn)
 d - a +2 hat (worn)
 f - a +0 pair of gloves (worn)
 p - a +0 pair of boots (worn)
 r - +1 pearl dragon scales (worn)
 s - a +2 kite shield of resistance
Jewellery
 i - a +4 ring of slaying (left hand) {mikee}
 k - a +4 ring of evasion (right hand)
 m - an amulet of the acrobat (around neck)
Scrolls
 h - 7 scrolls of identify
 l - 10 scrolls of teleportation
Potions
 a - 2 potions of mutation
 b - 6 potions of heal wounds
 g - 3 potions of haste
 j - 2 potions of curing
 n - 3 potions of might
 o - a potion of resistance

Dungeon Overview and Level Annotations

Branches:
Dungeon (13/15)            Temple (0/1) D:7            Lair (5/5) D:11
  Swamp (0/4) Lair:2        Snake (0/4) Lair:2        Slime (0/5) Lair:5
    Orc (0/2) D:12         Vaults (0/5) D:13        Ossuary (visited)

Altars:
Ashenzari
Cheibriados
Dithmenos
Elyvilon
Gozag
Hepliaklqana
Kikubaaqudgha
Nemelex Xobeh
Okawaru
Ru
Uskayaw
Vehumet
Wu Jian
Yredelemnul
Zin
The Shining One

Shops:
D:1 [   D:13 :

Portals:
Trove: D:11 (give +2 storm dragon scales)

Annotations:
D:4 2 transporters
D:7 2 runed translucent doors, Crazy Yiuf; qw's ghost, novice TrCA


Message History

The guardian serpent hits you.
You slash the guardian serpent!
The guardian serpent is severely wounded.
The vault guard hits you from afar with a +3 bardiche of flaming.
The vault guard burns you.
You slice the guardian serpent!!
You feel the power of Trog in you as your rage grows.
You kill the guardian serpent!
Trog accepts your kill.
Trog appreciates your killing of a magic user.
You slash the gargoyle! You slash the vault guard!
You barely miss the gargoyle.
The gargoyle is heavily damaged.
You slice the vault guard!!
The gargoyle hurls a stone arrow at you.
The stone arrow misses you.
The vault guard hits you but does no damage.
The vault guard hits you with a +3 great mace of holy wrath!!
You barely miss the gargoyle.
The gargoyle is heavily damaged.
You closely miss the vault guard. You hit the gargoyle but do no damage.
The gargoyle is heavily damaged.
You slash the vault guard! The gargoyle misses you.
The vault guard closely misses you.
The vault guard hits you with a +3 great mace of holy wrath!
You slice the gargoyle!!
You destroy the gargoyle!
Trog accepts your kill.
You slice the vault guard!!
Your Dodging skill increases to level 10!
You have reached level 15!
Your experience leads to an increase in your attributes!
Increase (S)trength, (I)ntelligence, or (D)exterity?
You feel stronger. x2
You slash the vault guard!
The vault guard is almost dead.
The vault guard closely misses you.
The vault guard hits you with a +3 great mace of holy wrath!
You die...

#.# ######..........#. #.#
#.##..#.##.#. ##%##
#.##..#.##.#>
####.!.#######.##..#......
#.................##.##.#.
#.....##.......##......####'
#....# ##.....####.......#~.
#.#.# ##...## ##.####.#¤.
#... ##@## ##. ###.#¤. ...
#.)p).# ##..##...#¤. #.
#.#.p.#.##......#(#~. #
..... #....##.#.#~%
...\...+.......#.#~¤
#.......#.^..##.###¤.
#.#.$.#.##........#~.
##.....####.....###¤¤
##....###~¤


You could see 2 vault guards.

Vanquished Creatures
  Snorg (D:12)
  A fire dragon (Lair:5)
  3 boulder beetles
  5 hydras
  2 vault guards (D:13)
  A catoblepas (Lair:5)
  7 death yaks
  4 two-headed ogres
  An anaconda (Lair:4)
  2 tengu warriors (D:13)
  3 skeletal warriors (D:12)
  A swamp dragon (Lair:5)
  A lindwurm (Lair:3)
  2 deep elf pyromancers (D:12)
  A deep elf zephyrmancer (D:12)
  5 manticores
  An oklob plant (Lair:5)
  7 slime creatures
  2 ugly things (D:13)
  4 cyclopes
  11 black mambas
  13 elephants
  Maurice (D:10)
  A guardian serpent (shapeshifter) (D:13)
  14 cane toads
  2 torpor snails
  2 gargoyles (D:13)
  5 rime drakes
  An unseen horror (D:10)
  11 komodo dragons
  A kobold demonologist (D:9)
  3 tengu conjurers (D:13)
  3 trolls
  A tyrant leech (Lair:2)
  A polar bear (Lair:3)
  A hornet (D:9)
  7 blink frogs (Lair:3)
  20 dream sheep
  3 shadows
  2 wraiths
  A wyvern (Lair:5)
  3 vampires
  2 fire elementals (D:13)
  4 basilisks
  52 yaks
  4 steam dragons
  3 vampire mosquitoes
  Menkaure (D:7)
  2 nagas (Lair:2)
  18 water moccasins
  Duvessa (D:4)
  3 orc warriors
  2 swamp drakes (Lair:5)
  3 black bears
  An ogre (D:5)
  4 wolves
  5 kobold brigands
  A phantom (D:7)
  15 bullfrogs
  A necrophage (D:5)
  3 scorpions
  5 water moccasin zombies (Ossuary)
  13 wights
  Dowan (D:4)
  2 killer bees (D:9)
  4 howler monkeys
  A lava snake (D:13)
  A human zombie (D:5)
  A hound (D:5)
  2 gnoll boudas
  3 human skeletons (D:5)
  5 jellies
  4 orc priests
  8 orc wizards
  5 iguanas
  2 mummies (Ossuary)
  17 gnolls
  3 adders
  A shadow imp (D:6)
  3 white imps
  3 adder zombies (Ossuary)
  A worm (D:2)
  2 dart slugs
  31 orcs
  8 ball pythons
  5 bats
  7 endoplasms
  5 giant cockroaches
  A gnoll zombie (Ossuary)
  8 hobgoblins
  2 jackals (D:5)
  29 kobolds
  5 quokkas
  8 frilled lizards
  11 goblins
  4 hobgoblin zombies (Ossuary)
  2 kobold zombies (Ossuary)
  An orc skeleton (D:5)
  7 orc zombies
  4 rats
  A butterfly (Lair:3)
512 creatures vanquished.

Vanquished Creatures (collateral kills)
  2 hydras
  A manticore (Lair:5)
  A black mamba (Lair:5)
  A wyvern (Lair:4)
  A basilisk (Lair:5)
  2 water moccasins (Lair:4)
8 creatures vanquished.

Vanquished Creatures (others)
  A komodo dragon (Lair:5)
  32 fungi
  48 plants
81 creatures vanquished.

Grand Total: 601 creatures vanquished

Notes
Turn   | Place    | Note
-------+----------+-------------------------------------------
     0 | D:1      | qw the Minotaur Berserker began the quest for the Orb.
     0 | D:1      | Reached XP level 1. HP: 19/19 MP: 0/0
     0 | D:1      | 0 ||| qw: Version: 0.1-a-119-g272c26d
     0 | D:1      | 0 ||| qw: Game counter: 11087
     0 | D:1      | 0 ||| qw: Always use a shield: true
     0 | D:1      | 0 ||| qw: Do Orc after D:15 true
     0 | D:1      | 0 ||| qw: Do second Lair branch before Depths: true
     0 | D:1      | 0 ||| qw: Lair rune preference: random
     0 | D:1      | 0 ||| qw: Plans: Normal
     0 | D:1      | 0 ||| PLANNING D:1-11
    16 | D:1      | 16 ||| Stepping ~*~*~tactically~*~*~ (stealth).
   314 | D:1      | Found Tufeadgh's Armour Emporium.
   323 | D:1      | 323 ||| DROPPING +0 club.
   329 | D:1      | 329 ||| SHOPLISTING +0 chain mail (58 gold, have 0).
   329 | D:1      | 329 ||| SHOPLISTING +0 cloak of preservation (149 gold,
                  | have 0).
   329 | D:1      | 329 ||| SHOPLISTING +0 ring mail (52 gold, have 0).
   329 | D:1      | 329 ||| SHOPLISTING +1 chain mail of Xuysirop {rN+++ Str-3
                  | Slay-3 SInv} (296 gold, have 0).
   329 | D:1      | 329 ||| SHOPLISTING +1 scale mail of fire resistance (208
                  | gold, have 0).
   329 | D:1      | 329 ||| SHOPLISTING +9 ring mail "Naphuy" {Dex+2} (782
                  | gold, have 0).
   491 | D:1      | Reached XP level 2. HP: 26/26 MP: 1/1
   612 | D:1      | 612 ||| Stepping ~*~*~tactically~*~*~ (stealth).
   618 | D:1      | 618 ||| Stepping ~*~*~tactically~*~*~ (stealth).
   622 | D:1      | 622 ||| Stepping ~*~*~tactically~*~*~ (stealth).
   850 | D:1      | 850 ||| INVOKING Berserk.
  1022 | D:1      | Reached XP level 3. HP: 31/31 MP: 2/2
  1314 | D:1      | 1314 ||| UPGRADING to +4 ring of slaying {mikee}.
  1315 | D:1      | 1315 ||| READING scroll labelled QEFRAA LOSISM.
  1452 | D:1      | 1452 ||| READING scroll labelled OLEZ NAORIENE.
  1455 | D:1      | 1455 ||| READING scroll labelled RAGEISH EJUOMY.
  1456 | D:1      | 1456 ||| READING 2 scrolls labelled YTUNLI TOAGAE.
  1800 | D:2      | Reached ** piety under Trog
  1838 | D:2      | 1838 ||| Stepping ~*~*~tactically~*~*~ (hiding).
  1841 | D:2      | 1841 ||| Stepping ~*~*~tactically~*~*~ (hiding).
  2073 | D:2      | 2073 ||| Stepping ~*~*~tactically~*~*~ (stealth).
  2093 | D:2      | 2093 ||| INVOKING Berserk.
  2711 | D:2      | 2711 ||| UPGRADING to +0 ring mail.
  2721 | D:2      | 2721 ||| DROPPING +0 animal skin.
  2722 | D:2      | 2722 ||| UPGRADING to +0 scale mail.
  2732 | D:2      | 2732 ||| DROPPING +0 ring mail.
  2733 | D:2      | 2733 ||| READING 2 scrolls labelled NEIGOO ZIREU.
  2734 | D:2      | 2734 ||| DRINKING 2 cyan potions.
  2735 | D:2      | 2735 ||| READING 2 scrolls of identify.
  2735 | D:2      | 2735 ||| IDENTIFYING metallic amethyst potion
  2736 | D:2      | 2736 ||| DROPPING potion of attraction.
  2765 | D:3      | 2765 ||| STAIRDANCE
  2770 | D:3      | Reached XP level 4. HP: 39/39 MP: 3/3
  2772 | D:3      | 2772 ||| Stepping ~*~*~tactically~*~*~ (stealth).
  2775 | D:3      | 2775 ||| Stepping ~*~*~tactically~*~*~ (stealth).
  2778 | D:3      | 2778 ||| Stepping ~*~*~tactically~*~*~ (stealth).
  2780 | D:3      | Reached skill level 6 in Axes
  2789 | D:3      | 2789 ||| Stepping ~*~*~tactically~*~*~ (stealth).
  2791 | D:3      | 2791 ||| INVOKING Berserk.
  2898 | D:3      | 2898 ||| Stepping ~*~*~tactically~*~*~ (hiding).
  3080 | D:3      | Found a snail-covered altar of Cheibriados.
  3161 | D:3      | Found a faded altar of an unknown god.
  3166 | D:3      | Identified the +2 helmet of Yredelemnul's Regard {rCorr
                  | Str+4}
  4023 | D:3      | 4023 ||| DROPPING amulet of faith.
  4024 | D:3      | 4024 ||| READING scroll labelled IGRISUGUSU.
  4025 | D:3      | 4025 ||| Stepping randomly (stuck).
  4026 | D:3      | 4026 ||| Stepping ~*~*~tactically~*~*~ (cloud).
  4248 | D:4      | 4248 ||| INVOKING Berserk.
  4250 | D:4      | Reached XP level 5. HP: 45/45 MP: 4/4
  4265 | D:4      | 4265 ||| STAIRDANCE
  4385 | D:4      | 4385 ||| Stepping ~*~*~tactically~*~*~ (stealth).
  4421 | D:4      | Found a transporter.
  4453 | D:4      | 4453 ||| INVOKING Berserk.
  4458 | D:4      | 4458 ||| DRINKING potion of curing.
  4458 | D:4      | 4458 ||| (to cure confusion)
  4463 | D:4      | Reached skill level 4 in Fighting
  4721 | D:4      | Found a transporter.
  4805 | D:4      | Noticed Duvessa
  4810 | D:4      | 4810 ||| INVOKING Berserk.
  4816 | D:4      | Killed Duvessa
  4817 | D:4      | Reached XP level 6. HP: 52/52 MP: 5/5
  4818 | D:4      | Noticed Dowan
  4826 | D:4      | Killed Dowan
  5061 | D:4      | 5061 ||| INVOKING Berserk.
  5265 | D:4      | 5265 ||| INVOKING Berserk.
  5268 | D:4      | Reached skill level 9 in Axes
  5318 | D:4      | 5318 ||| INVOKING Berserk.
  5730 | D:4      | 5730 ||| UPGRADING to +0 cloak.
  5735 | D:4      | 5735 ||| UPGRADING to +0 chain mail.
  5745 | D:4      | 5745 ||| DROPPING +0 scale mail.
  5746 | D:4      | 5746 ||| READING 2 scrolls of enchant armour.
  5746 | D:4      | 5746 ||| ENCHANTING +0 cloak.
  5747 | D:4      | 5747 ||| READING scroll of enchant armour.
  5747 | D:4      | 5747 ||| ENCHANTING +1 cloak.
  5748 | D:4      | 5748 ||| READING scroll labelled GATUUTT OGA SIRUMP.
  5749 | D:4      | 5749 ||| READING scroll labelled KUBRAL HIS ALY.
  5750 | D:4      | 5750 ||| READING 2 scrolls of identify.
  5750 | D:4      | 5750 ||| IDENTIFYING purple potion
  5751 | D:4      | 5751 ||| DROPPING potion of invisibility.
  5762 | D:5      | Entered Level 5 of the Dungeon
  5763 | D:5      | 5763 ||| PLANNING OSSUARY
  5824 | D:5      | 5824 ||| INVOKING Berserk.
  5828 | D:5      | Reached skill level 3 in Armour
  5828 | D:5      | Reached XP level 7. HP: 60/60 MP: 6/6
  5953 | D:5      | Reached skill level 5 in Fighting
  6011 | D:5      | Found a sand-covered staircase.
  6016 | Ossuary  | Entered an ossuary
  6135 | Ossuary  | Reached *** piety under Trog
  6240 | Ossuary  | Reached skill level 6 in Fighting
  6298 | Ossuary  | 6298 ||| READING scroll labelled FUTSAX WANKENE.
  6299 | Ossuary  | 6299 ||| DRINKING 6 metallic ruby potions.
  6305 | D:5      | 6305 ||| PLANNING D:1-11
  6326 | D:5      | Reached XP level 8. HP: 70/70 MP: 7/7
  6582 | D:5      | Found an opulent altar of Gozag.
  6588 | D:5      | 6588 ||| INVOKING Berserk.
  6767 | D:5      | Found a sparkling altar of Nemelex Xobeh.
  6769 | D:5      | Found a shadowy altar of Dithmenos.
  6961 | D:5      | 6961 ||| INVOKING Berserk.
  7257 | D:5      | 7257 ||| READING scroll labelled IGIASU QY UTU.
  7277 | D:6      | 7277 ||| STAIRDANCE
  7310 | D:6      | 7310 ||| Stepping ~*~*~tactically~*~*~ (stealth).
  7411 | D:6      | 7411 ||| INVOKING Berserk.
  7413 | D:6      | Reached skill level 12 in Axes
  7428 | D:6      | 7428 ||| Stepping ~*~*~tactically~*~*~ (stealth).
  7671 | D:6      | Reached skill level 7 in Fighting
  7689 | D:6      | 7689 ||| Stepping ~*~*~tactically~*~*~ (hiding).
  7690 | D:6      | 7690 ||| Stepping ~*~*~tactically~*~*~ (hiding).
  7691 | D:6      | 7691 ||| Stepping ~*~*~tactically~*~*~ (hiding).
  7880 | D:6      | Found a radiant altar of Vehumet.
  7881 | D:6      | 7881 ||| DRINKING 3 potions of curing.
  7881 | D:6      | 7881 ||| (to cure confusion)
  8137 | D:6      | 8137 ||| Stepping ~*~*~tactically~*~*~ (stealth).
  8143 | D:6      | 8143 ||| Stepping ~*~*~tactically~*~*~ (stealth).
  8149 | D:6      | 8149 ||| Stepping ~*~*~tactically~*~*~ (stealth).
  8154 | D:6      | Reached XP level 9. HP: 66/79 MP: 8/8
  8393 | D:6      | Reached **** piety under Trog
  8402 | D:6      | Found an iron altar of Okawaru.
  8453 | D:6      | 8453 ||| DRINKING 2 viscous ruby potions.
  8554 | D:6      | 8554 ||| DRINKING 2 fuming orange potions.
  8590 | D:6      | 8590 ||| READING 3 scrolls of identify.
  8590 | D:6      | 8590 ||| IDENTIFYING fuming clear potion
  8591 | D:6      | 8591 ||| READING 2 scrolls of identify.
  8591 | D:6      | 8591 ||| IDENTIFYING inky potion
  8592 | D:6      | 8592 ||| DROPPING potion of ambrosia.
  8593 | D:6      | 8593 ||| DROPPING potion of lignification.
  8636 | D:7      | Found a staircase to the Ecumenical Temple.
  8637 | D:7      | 8637 ||| Stepping ~*~*~tactically~*~*~ (hiding).
  8638 | D:7      | 8638 ||| INVOKING Berserk.
  8788 | D:7      | 8788 ||| SWAPPING to +3 hand axe.
  8789 | D:7      | 8789 ||| DROPPING +0 hand axe.
  8833 | D:7      | Found a runed translucent door.
  8834 | D:7      | Noticed Crazy Yiuf
  8893 | D:7      | Found an ornate altar of the Wu Jian Council.
  8962 | D:7      | 8962 ||| Stepping ~*~*~tactically~*~*~ (hiding).
  8963 | D:7      | 8963 ||| Stepping ~*~*~tactically~*~*~ (hiding).
  8968 | D:7      | Paralysed by a vampire for 5 turns
  8991 | D:7      | 8991 ||| SWAPPING to +0 war axe.
  8992 | D:7      | 8992 ||| DROPPING +3 hand axe.
  9179 | D:7      | Noticed Menkaure
  9180 | D:7      | 9180 ||| Stepping ~*~*~tactically~*~*~ (hiding).
  9185 | D:7      | 9185 ||| INVOKING Berserk.
  9188 | D:7      | Killed Menkaure
  9195 | D:7      | 9195 ||| FLEEEEING.
  9197 | D:7      | 9197 ||| STAIRDANCE
  9356 | D:6      | 9356 ||| UPGRADING to +6 ring of strength.
  9357 | D:6      | 9357 ||| READING scroll labelled ECHESM REEPRA.
  9358 | D:6      | 9358 ||| READING scroll labelled QIALEM TITIH.
  9359 | D:6      | 9359 ||| READING 3 scrolls labelled SYXIUVAI WIQUO.
  9360 | D:6      | 9360 ||| READING 2 scrolls of enchant weapon.
  9360 | D:6      | 9360 ||| ENCHANTING +1 war axe.
  9361 | D:6      | 9361 ||| READING scroll of enchant weapon.
  9361 | D:6      | 9361 ||| ENCHANTING +2 war axe.
  9362 | D:6      | 9362 ||| READING 2 scrolls of identify.
  9362 | D:6      | 9362 ||| IDENTIFYING ruby potion
  9363 | D:6      | 9363 ||| DROPPING potion of brilliance.
  9433 | D:7      | Reached skill level 8 in Fighting
  9464 | D:7      | 9464 ||| Stepping ~*~*~tactically~*~*~ (stealth).
  9465 | D:7      | 9465 ||| Stepping ~*~*~tactically~*~*~ (stealth).
  9468 | D:7      | 9468 ||| Stepping ~*~*~tactically~*~*~ (stealth).
  9469 | D:7      | 9469 ||| Stepping ~*~*~tactically~*~*~ (stealth).
  9471 | D:7      | 9471 ||| Stepping ~*~*~tactically~*~*~ (hiding).
  9478 | D:7      | Reached skill level 3 in Dodging
  9614 | D:7      | 9614 ||| INVOKING Berserk.
  9740 | D:7      | Found a runed translucent door.
  9770 | D:7      | Noticed qw's ghost (novice TrCA)
  9898 | D:7      | 9898 ||| Stepping ~*~*~tactically~*~*~ (hiding).
  9899 | D:7      | 9899 ||| Stepping ~*~*~tactically~*~*~ (hiding).
  9936 | D:7      | 9936 ||| INVOKING Berserk.
  9939 | D:7      | Reached skill level 1 in Throwing
 10205 | D:7      | 10205 ||| UPGRADING to +4 ring of evasion.
 10207 | D:7      | 10207 ||| DROPPING +6 ring of strength.
 10230 | D:8      | 10230 ||| STAIRDANCE
 10287 | D:8      | 10287 ||| STAIRDANCE
 10335 | D:8      | 10335 ||| STAIRDANCE
 10378 | D:8      | 10378 ||| STAIRDANCE
 10427 | D:8      | 10427 ||| Stepping ~*~*~tactically~*~*~ (hiding).
 10434 | D:8      | 10434 ||| INVOKING Berserk.
 10455 | D:8      | Noticed a troll
 10456 | D:8      | 10456 ||| FLEEEEING.
 10457 | D:8      | 10457 ||| FLEEEEING.
 10458 | D:8      | 10458 ||| FLEEEEING.
 10459 | D:8      | 10459 ||| STAIRDANCE
 10596 | D:8      | 10596 ||| INVOKING Berserk.
 10599 | D:8      | Killed a troll
 10600 | D:8      | Reached XP level 10. HP: 88/88 MP: 9/9
 10600 | D:8      | 10600 ||| STAIRDANCE
 10747 | D:8      | 10747 ||| Stepping ~*~*~tactically~*~*~ (stealth).
 10752 | D:8      | 10752 ||| Stepping ~*~*~tactically~*~*~ (stealth).
 10755 | D:8      | Reached skill level 15 in Axes
 10769 | D:8      | Reached skill level 9 in Fighting
 10972 | D:8      | 10972 ||| Stepping ~*~*~tactically~*~*~ (stealth).
 10976 | D:8      | Reached skill level 6 in Armour
 10977 | D:8      | 10977 ||| Stepping ~*~*~tactically~*~*~ (stealth).
 10984 | D:8      | 10984 ||| Stepping ~*~*~tactically~*~*~ (hiding).
 11055 | D:8      | 11055 ||| DROPPING +0 flail.
 11137 | D:8      | Found a white marble altar of Elyvilon.
 11137 | D:8      | Found a glowing golden altar of the Shining One.
 11137 | D:8      | Found a glowing silver altar of Zin.
 11240 | D:8      | 11240 ||| READING scroll labelled NUNUMUC FOTWEIPHUMM.
 11341 | D:8      | 11341 ||| DRINKING 2 yellow potions.
 11342 | D:8      | 11342 ||| READING 3 scrolls of identify.
 11342 | D:8      | 11342 ||| IDENTIFYING sedimented golden potion
 11343 | D:8      | 11343 ||| READING 2 scrolls of identify.
 11343 | D:8      | 11343 ||| IDENTIFYING blue potion
 11344 | D:8      | 11344 ||| DROPPING potion of flight.
 11387 | D:9      | 11387 ||| Stepping ~*~*~tactically~*~*~ (stealth).
 11449 | D:9      | Noticed a two-headed ogre
 11454 | D:9      | 11454 ||| INVOKING Berserk.
 11459 | D:9      | Killed a two-headed ogre
 11593 | D:9      | 11593 ||| Stepping ~*~*~tactically~*~*~ (stealth).
 11616 | D:9      | Noticed a sixfirhy
 11619 | D:9      | Noticed a rust devil
 11732 | D:9      | Reached skill level 10 in Fighting
 11956 | D:9      | Reached XP level 11. HP: 85/99 MP: 10/10
 12015 | D:9      | 12015 ||| Stepping ~*~*~tactically~*~*~ (stealth).
 12032 | D:9      | 12032 ||| INVOKING Berserk.
 12563 | D:9      | 12563 ||| UPGRADING to +0 plate armour.
 12573 | D:9      | 12573 ||| DROPPING +0 chain mail.
 12581 | D:10     | Entered Level 10 of the Dungeon
 12620 | D:10     | Noticed Maurice
 12621 | D:10     | 12621 ||| Stepping ~*~*~tactically~*~*~ (hiding).
 12622 | D:10     | 12622 ||| Stepping ~*~*~tactically~*~*~ (hiding).
 12637 | D:10     | Killed Maurice
 12643 | D:10     | 12643 ||| FLEEEEING.
 12646 | D:10     | 12646 ||| FLEEEEING.
 12647 | D:10     | 12647 ||| FLEEEEING.
 12648 | D:10     | 12648 ||| STAIRDANCE
 12734 | D:9      | 12734 ||| DROPPING +0 club.
 12774 | D:10     | 12774 ||| Stepping ~*~*~tactically~*~*~ (stealth).
 12783 | D:10     | Reached ***** piety under Trog
 12816 | D:10     | Found a broken altar of Ashenzari.
 12837 | D:10     | 12837 ||| Stepping ~*~*~tactically~*~*~ (stealth).
 12839 | D:10     | 12839 ||| Stepping ~*~*~tactically~*~*~ (stealth).
 12841 | D:10     | 12841 ||| Stepping ~*~*~tactically~*~*~ (stealth).
 12846 | D:10     | 12846 ||| Stepping ~*~*~tactically~*~*~ (stealth).
 12850 | D:10     | 12850 ||| Stepping ~*~*~tactically~*~*~ (stealth).
 12854 | D:10     | 12854 ||| Stepping ~*~*~tactically~*~*~ (stealth).
 12855 | D:10     | 12855 ||| Stepping ~*~*~tactically~*~*~ (stealth).
 12880 | D:10     | Noticed a two-headed ogre
 12886 | D:10     | 12886 ||| INVOKING Berserk.
 12888 | D:10     | Killed a two-headed ogre
 12889 | D:10     | Reached skill level 9 in Armour
 13024 | D:10     | Found a hazy altar of Hepliaklqana.
 13101 | D:10     | 13101 ||| DROPPING +0 flail.
 13259 | D:10     | Found a basalt altar of Yredelemnul.
 13264 | D:10     | Found a sacrificial altar of Ru.
 13267 | D:10     | Found a hide-covered altar of Uskayaw.
 13431 | D:10     | Reached skill level 11 in Fighting
 13717 | D:10     | Found an ancient bone altar of Kikubaaqudgha.
 13831 | D:10     | 13831 ||| UPGRADING to +0 pair of gloves.
 13859 | D:11     | Noticed a two-headed ogre
 13860 | D:11     | 13860 ||| FLEEEEING.
 13861 | D:11     | 13861 ||| FLEEEEING.
 13862 | D:11     | 13862 ||| STAIRDANCE
 13966 | D:11     | 13966 ||| INVOKING Berserk.
 13969 | D:11     | Killed a two-headed ogre
 13970 | D:11     | 13970 ||| STAIRDANCE
 14062 | D:11     | 14062 ||| INVOKING Berserk.
 14234 | D:11     | Found a staircase to the Lair.
 14286 | D:11     | Identified the +1 robe "Xesioxe" {rPois rC+ rCorr}
 14307 | D:11     | Found a portal to a secret trove of treasure.
 14457 | D:11     | 14457 ||| Stepping ~*~*~tactically~*~*~ (stealth).
 14459 | D:11     | 14459 ||| Stepping ~*~*~tactically~*~*~ (hiding).
 14463 | D:11     | 14463 ||| INVOKING Berserk.
 14470 | D:11     | Reached skill level 12 in Fighting
 14677 | D:11     | 14677 ||| Stepping ~*~*~tactically~*~*~ (stealth).
 14699 | D:11     | 14699 ||| Stepping ~*~*~tactically~*~*~ (stealth).
 14775 | D:11     | 14775 ||| READING scroll of enchant weapon.
 14775 | D:11     | 14775 ||| ENCHANTING +3 war axe.
 14901 | D:11     | 14901 ||| PLANNING LAIR
 14901 | D:11     | 14901 ||| UPGRADING to +0 pair of boots.
 14906 | D:11     | 14906 ||| UPGRADING to amulet of the acrobat.
 14943 | Lair:1   | Entered Level 1 of the Lair of Beasts
 14973 | Lair:1   | 14973 ||| INVOKING Berserk.
 15132 | Lair:1   | 15132 ||| Stepping ~*~*~tactically~*~*~ (stealth).
 15138 | Lair:1   | 15138 ||| INVOKING Berserk.
 15254 | Lair:1   | Identified the +2 mace of Internal Strife {vorpal, +Blink
                  | rCorr Int+4}
 15477 | Lair:1   | 15477 ||| INVOKING Berserk.
 15717 | Lair:1   | 15717 ||| INVOKING Berserk.
 16005 | Lair:1   | 16005 ||| READING scroll labelled WEGHEA KAIGRAXT.
 16051 | Lair:2   | 16051 ||| Stepping ~*~*~tactically~*~*~ (stealth).
 16053 | Lair:2   | 16053 ||| Stepping ~*~*~tactically~*~*~ (stealth).
 16054 | Lair:2   | 16054 ||| INVOKING Berserk.
 16059 | Lair:2   | Reached XP level 12. HP: 112/112 MP: 11/11
 16212 | Lair:2   | 16212 ||| INVOKING Berserk.
 16305 | Lair:2   | Reached skill level 12 in Armour
 16317 | Lair:2   | 16317 ||| Stepping ~*~*~tactically~*~*~ (stealth).
 16324 | Lair:2   | 16324 ||| Stepping ~*~*~tactically~*~*~ (stealth).
 16340 | Lair:2   | 16340 ||| Stepping ~*~*~tactically~*~*~ (stealth).
 16345 | Lair:2   | 16345 ||| INVOKING Berserk.
 16472 | Lair:2   | 16472 ||| INVOKING Berserk.
 16587 | Lair:2   | 16587 ||| Stepping ~*~*~tactically~*~*~ (stealth).
 16602 | Lair:2   | 16602 ||| Stepping ~*~*~tactically~*~*~ (stealth).
 16656 | Lair:2   | Reached skill level 13 in Fighting
 16800 | Lair:2   | 16800 ||| Stepping ~*~*~tactically~*~*~ (stealth).
 16801 | Lair:2   | 16801 ||| Stepping ~*~*~tactically~*~*~ (stealth).
 16852 | Lair:2   | 16852 ||| Stepping ~*~*~tactically~*~*~ (stealth).
 16915 | Lair:2   | 16915 ||| Stepping ~*~*~tactically~*~*~ (hiding).
 16916 | Lair:2   | 16916 ||| Stepping ~*~*~tactically~*~*~ (hiding).
 16930 | Lair:2   | 16930 ||| FLEEEEING.
 16999 | Lair:2   | 16999 ||| Stepping ~*~*~tactically~*~*~ (stealth).
 17003 | Lair:2   | 17003 ||| Stepping ~*~*~tactically~*~*~ (stealth).
 17009 | Lair:2   | 17009 ||| INVOKING Berserk.
 17220 | Lair:2   | Found a staircase to the Swamp.
 17394 | Lair:2   | Found a staircase to the Snake Pit.
 17519 | Lair:2   | 17519 ||| READING 4 scrolls of identify.
 17519 | Lair:2   | 17519 ||| IDENTIFYING pink potion
 17520 | Lair:2   | 17520 ||| DROPPING potion of degeneration.
 17555 | Lair:3   | 17555 ||| INVOKING Berserk.
 17676 | Lair:3   | 17676 ||| INVOKING Berserk.
 17956 | Lair:3   | 17956 ||| READING scroll of enchant weapon.
 17956 | Lair:3   | 17956 ||| ENCHANTING +4 war axe.
 17978 | Lair:3   | Reached skill level 14 in Fighting
 18148 | Lair:3   | 18148 ||| Stepping ~*~*~tactically~*~*~ (stealth).
 18164 | Lair:3   | 18164 ||| Stepping ~*~*~tactically~*~*~ (stealth).
 18165 | Lair:3   | 18165 ||| FLEEEEING.
 18174 | Lair:3   | 18174 ||| Stepping ~*~*~tactically~*~*~ (stealth).
 18178 | Lair:3   | Reached skill level 6 in Dodging
 18202 | Lair:3   | 18202 ||| Stepping ~*~*~tactically~*~*~ (stealth).
 18217 | Lair:3   | 18217 ||| Stepping ~*~*~tactically~*~*~ (stealth).
 18218 | Lair:3   | 18218 ||| Stepping ~*~*~tactically~*~*~ (stealth).
 18221 | Lair:3   | 18221 ||| Stepping ~*~*~tactically~*~*~ (stealth).
 18222 | Lair:3   | 18222 ||| Stepping ~*~*~tactically~*~*~ (stealth).
 18224 | Lair:3   | 18224 ||| Stepping ~*~*~tactically~*~*~ (stealth).
 18225 | Lair:3   | 18225 ||| Stepping ~*~*~tactically~*~*~ (stealth).
 18229 | Lair:3   | 18229 ||| Stepping ~*~*~tactically~*~*~ (stealth).
 18230 | Lair:3   | 18230 ||| Stepping ~*~*~tactically~*~*~ (stealth).
 18233 | Lair:3   | 18233 ||| Stepping ~*~*~tactically~*~*~ (stealth).
 18235 | Lair:3   | 18235 ||| Stepping ~*~*~tactically~*~*~ (stealth).
 18237 | Lair:3   | 18237 ||| Stepping ~*~*~tactically~*~*~ (stealth).
 18458 | Lair:3   | 18458 ||| Stepping ~*~*~tactically~*~*~ (stealth).
 18460 | Lair:3   | 18460 ||| Stepping ~*~*~tactically~*~*~ (stealth).
 18461 | Lair:3   | 18461 ||| Stepping ~*~*~tactically~*~*~ (stealth).
 18463 | Lair:3   | 18463 ||| Stepping ~*~*~tactically~*~*~ (stealth).
 18475 | Lair:3   | 18475 ||| Stepping ~*~*~tactically~*~*~ (stealth).
 18487 | Lair:3   | 18487 ||| INVOKING Berserk.
 18606 | Lair:3   | 18606 ||| Stepping ~*~*~tactically~*~*~ (stealth).
 18608 | Lair:3   | 18608 ||| Stepping ~*~*~tactically~*~*~ (stealth).
 18609 | Lair:3   | 18609 ||| INVOKING Berserk.
 18615 | Lair:3   | Reached skill level 15 in Fighting
 18771 | Lair:3   | 18771 ||| INVOKING Berserk.
 18774 | Lair:3   | Reached XP level 13. HP: 126/126 MP: 12/12
 19017 | Lair:3   | 19017 ||| Stepping ~*~*~tactically~*~*~ (stealth).
 19020 | Lair:3   | 19020 ||| Stepping ~*~*~tactically~*~*~ (stealth).
 19271 | Lair:3   | 19271 ||| UPGRADING to +2 hat.
 19276 | Lair:3   | 19276 ||| DROPPING ring of positive energy.
 19305 | Lair:4   | 19305 ||| INVOKING Brothers in Arms.
 19312 | Lair:4   | 19312 ||| SWAPPING to +4 morningstar.
 19313 | Lair:4   | 19313 ||| Stepping ~*~*~tactically~*~*~ (water).
 19314 | Lair:4   | 19314 ||| INVOKING Berserk.
 19491 | Lair:4   | 19491 ||| SWAPPING to +5 war axe.
 19506 | Lair:4   | 19506 ||| Stepping ~*~*~tactically~*~*~ (stealth).
 19515 | Lair:4   | 19515 ||| INVOKING Berserk.
 19535 | Lair:4   | Reached skill level 15 in Armour
 19743 | Lair:4   | 19743 ||| Stepping ~*~*~tactically~*~*~ (stealth).
 19911 | Lair:4   | 19911 ||| Stepping ~*~*~tactically~*~*~ (hiding).
 20039 | Lair:4   | 20039 ||| INVOKING Brothers in Arms.
 20042 | Lair:4   | 20042 ||| SWAPPING to +4 morningstar.
 20043 | Lair:4   | 20043 ||| INVOKING Berserk.
 20055 | Lair:4   | 20055 ||| SWAPPING to +5 war axe.
 20170 | Lair:4   | 20170 ||| Stepping ~*~*~tactically~*~*~ (stealth).
 20335 | Lair:4   | Reached skill level 16 in Fighting
 20680 | Lair:4   | 20680 ||| INVOKING Berserk.
 20810 | Lair:4   | 20810 ||| INVOKING Berserk.
 20958 | Lair:4   | 20958 ||| Stepping ~*~*~tactically~*~*~ (hiding).
 21329 | Lair:4   | 21329 ||| UPGRADING to +0 pearl dragon scales.
 21339 | Lair:4   | 21339 ||| DROPPING +0 plate armour.
 21340 | Lair:4   | 21340 ||| DROPPING scarf of shadows.
 21359 | Lair:5   | Entered Level 5 of the Lair of Beasts
 21360 | Lair:5   | 21360 ||| PLANNING GAUNTLET
 21407 | Lair:5   | 21407 ||| INVOKING Berserk.
 21523 | Lair:5   | 21523 ||| Stepping ~*~*~tactically~*~*~ (stealth).
 21554 | Lair:5   | 21554 ||| Stepping ~*~*~tactically~*~*~ (stealth).
 21556 | Lair:5   | 21556 ||| Stepping ~*~*~tactically~*~*~ (stealth).
 21562 | Lair:5   | 21562 ||| Stepping ~*~*~tactically~*~*~ (stealth).
 21565 | Lair:5   | 21565 ||| Stepping ~*~*~tactically~*~*~ (stealth).
 21577 | Lair:5   | 21577 ||| INVOKING Berserk.
 21617 | Lair:5   | 21617 ||| Stepping ~*~*~tactically~*~*~ (stealth).
 21618 | Lair:5   | 21618 ||| Stepping ~*~*~tactically~*~*~ (stealth).
 21733 | Lair:5   | Found a staircase to the Slime Pits.
 21744 | Lair:5   | 21744 ||| INVOKING Brothers in Arms.
 21747 | Lair:5   | 21747 ||| SWAPPING to +4 morningstar.
 21748 | Lair:5   | 21748 ||| INVOKING Berserk.
 21776 | Lair:5   | 21776 ||| SWAPPING to +5 war axe.
 21848 | Lair:5   | 21848 ||| RIP GAUNTLET
 21888 | Lair:5   | 21888 ||| PLANNING LAIR
 21913 | Lair:5   | 21913 ||| INVOKING Berserk.
 22075 | Lair:5   | 22075 ||| Stepping ~*~*~tactically~*~*~ (stealth).
 22078 | Lair:5   | 22078 ||| Stepping ~*~*~tactically~*~*~ (stealth).
 22088 | Lair:5   | Reached skill level 17 in Fighting
 22089 | Lair:5   | 22089 ||| FLEEEEING.
 22097 | Lair:5   | 22097 ||| FLEEEEING.
 22296 | Lair:5   | 22296 ||| Stepping ~*~*~tactically~*~*~ (stealth).
 22392 | Lair:5   | 22392 ||| READING scroll of enchant armour.
 22392 | Lair:5   | 22392 ||| ENCHANTING +0 pearl dragon scales.
 22427 | Lair:5   | 22427 ||| FLEEEEING.
 22428 | Lair:5   | 22428 ||| FLEEEEING.
 22436 | Lair:5   | 22436 ||| STAIRDANCE
 22496 | Lair:5   | 22496 ||| FLEEEEING.
 22504 | Lair:5   | 22504 ||| STAIRDANCE
 22591 | Lair:5   | 22591 ||| INVOKING Berserk.
 22595 | Lair:5   | Reached skill level 9 in Dodging
 22595 | Lair:5   | Reached XP level 14. HP: 140/140 MP: 13/13
 22724 | Lair:5   | 22724 ||| Stepping ~*~*~tactically~*~*~ (hiding).
 22726 | Lair:5   | 22726 ||| Stepping ~*~*~tactically~*~*~ (hiding).
 22727 | Lair:5   | 22727 ||| Stepping ~*~*~tactically~*~*~ (hiding).
 22758 | Lair:5   | 22758 ||| Stepping ~*~*~tactically~*~*~ (hiding).
 22760 | Lair:5   | 22760 ||| Stepping ~*~*~tactically~*~*~ (hiding).
 22763 | Lair:5   | 22763 ||| DRINKING 2 potions of resistance.
 22794 | Lair:5   | 22794 ||| Stepping ~*~*~tactically~*~*~ (stealth).
 22819 | Lair:5   | 22819 ||| Stepping ~*~*~tactically~*~*~ (hiding).
 22826 | Lair:5   | 22826 ||| Stepping ~*~*~tactically~*~*~ (water).
 22849 | Lair:5   | 22849 ||| INVOKING Berserk.
 22869 | Lair:5   | HP: 34/140 [poisoned by a swamp dragon (poison gas)]
 22870 | Lair:5   | 22870 ||| READING 11 scrolls of teleportation.
 22871 | Lair:5   | 22871 ||| DRINKING 7 potions of heal wounds.
 23244 | Lair:5   | 23244 ||| INVOKING Brothers in Arms.
 23245 | Lair:5   | 23245 ||| INVOKING Brothers in Arms.
 23246 | Lair:5   | 23246 ||| INVOKING Brothers in Arms.
 23247 | Lair:5   | 23247 ||| INVOKING Brothers in Arms.
 23248 | Lair:5   | 23248 ||| INVOKING Brothers in Arms.
 23249 | Lair:5   | 23249 ||| INVOKING Brothers in Arms.
 23250 | Lair:5   | 23250 ||| SWAPPING to +4 morningstar.
 23251 | Lair:5   | 23251 ||| INVOKING Berserk.
 23263 | Lair:5   | 23263 ||| SWAPPING to +5 war axe.
 23457 | Lair:5   | 23457 ||| Stepping ~*~*~tactically~*~*~ (hiding).
 23459 | Lair:5   | 23459 ||| INVOKING Brothers in Arms.
 23460 | Lair:5   | 23460 ||| SWAPPING to +4 morningstar.
 23461 | Lair:5   | 23461 ||| INVOKING Berserk.
 23464 | Lair:5   | Reached skill level 18 in Fighting
 23472 | Lair:5   | 23472 ||| SWAPPING to +5 war axe.
 23492 | Lair:5   | 23492 ||| Stepping ~*~*~tactically~*~*~ (cloud).
 23493 | Lair:5   | 23493 ||| Stepping ~*~*~tactically~*~*~ (cloud).
 23501 | Lair:5   | 23501 ||| Stepping ~*~*~tactically~*~*~ (cloud).
 23504 | Lair:5   | 23504 ||| Stepping ~*~*~tactically~*~*~ (cloud).
 23655 | Lair:5   | 23655 ||| Stepping ~*~*~tactically~*~*~ (hiding).
 23663 | Lair:5   | 23663 ||| INVOKING Berserk.
 23898 | Lair:5   | 23898 ||| DROPPING amulet of magic regeneration.
 23980 | Lair:5   | 23980 ||| Stepping ~*~*~tactically~*~*~ (cloud).
 24075 | Lair:5   | 24075 ||| PLANNING D
 24271 | D:12     | Found a staircase to the Orcish Mines.
 24320 | D:12     | 24320 ||| INVOKING Berserk.
 24324 | D:12     | 24324 ||| FLEEEEING.
 24337 | D:12     | Reached skill level 3 in Throwing
 24444 | D:12     | 24444 ||| INVOKING Brothers in Arms.
 24445 | D:12     | 24445 ||| INVOKING Brothers in Arms.
 24446 | D:12     | 24446 ||| SWAPPING to +4 morningstar.
 24448 | D:12     | 24448 ||| INVOKING Berserk.
 24461 | D:12     | 24461 ||| SWAPPING to +5 war axe.
 24609 | D:12     | 24609 ||| Stepping ~*~*~tactically~*~*~ (hiding).
 24793 | D:12     | Noticed Snorg
 24799 | D:12     | 24799 ||| INVOKING Berserk.
 24807 | D:12     | Killed Snorg
 24980 | D:12     | 24980 ||| FLEEEEING.
 24981 | D:12     | 24981 ||| FLEEEEING.
 24982 | D:12     | 24982 ||| FLEEEEING.
 24983 | D:12     | 24983 ||| FLEEEEING.
 24984 | D:12     | 24984 ||| FLEEEEING.
 24985 | D:12     | 24985 ||| FLEEEEING.
 24986 | D:12     | 24986 ||| FLEEEEING.
 24987 | D:12     | 24987 ||| FLEEEEING.
 24988 | D:12     | 24988 ||| FLEEEEING.
 25138 | D:12     | 25138 ||| READING scroll of enchant weapon.
 25138 | D:12     | 25138 ||| ENCHANTING +5 war axe.
 25257 | D:12     | 25257 ||| STAIRDANCE
 25440 | D:13     | Found Ledelu's Book Shop.
 25441 | D:13     | 25441 ||| INVOKING Brothers in Arms.
 25442 | D:13     | 25442 ||| Stepping ~*~*~tactically~*~*~ (stealth).
 25444 | D:13     | 25444 ||| STAIRDANCE
 25450 | D:13     | 25450 ||| INVOKING Brothers in Arms.
 25451 | D:13     | 25451 ||| STAIRDANCE
 25453 | D:12     | 25453 ||| INVOKING Brothers in Arms.
 25454 | D:12     | 25454 ||| INVOKING Brothers in Arms.
 25455 | D:12     | 25455 ||| INVOKING Brothers in Arms.
 25456 | D:12     | 25456 ||| INVOKING Brothers in Arms.
 25457 | D:12     | 25457 ||| INVOKING Brothers in Arms.
 25458 | D:12     | 25458 ||| SWAPPING to +4 morningstar.
 25459 | D:12     | 25459 ||| INVOKING Berserk.
 25461 | D:12     | Reached skill level 19 in Fighting
 25579 | D:12     | 25579 ||| SWAPPING to +6 war axe.
 25749 | D:13     | 25749 ||| Stepping ~*~*~tactically~*~*~ (stealth).
 25751 | D:13     | 25751 ||| Stepping ~*~*~tactically~*~*~ (stealth).
 25754 | D:13     | 25754 ||| Stepping ~*~*~tactically~*~*~ (stealth).
 25763 | D:13     | 25763 ||| INVOKING Berserk.
 26017 | D:13     | 26017 ||| INVOKING Berserk.
 26176 | D:13     | 26176 ||| Stepping ~*~*~tactically~*~*~ (stealth).
 26179 | D:13     | 26179 ||| Stepping ~*~*~tactically~*~*~ (stealth).
 26185 | D:13     | 26185 ||| INVOKING Berserk.
 26338 | D:13     | 26338 ||| Stepping ~*~*~tactically~*~*~ (hiding).
 26455 | D:13     | Found a gate to the Vaults.
 26472 | D:13     | 26472 ||| INVOKING Berserk.
 26473 | D:13     | HP: 53/219 [guardian serpent (shapeshifter) (6)]
 26476 | D:13     | HP: 25/219 [vault guard/+3 great mace of holy wrath (22)]
 26478 | D:13     | HP: 10/219 [vault guard/+3 great mace of holy wrath (15)]
 26480 | D:13     | Reached XP level 15. HP: 11/152 MP: 14/14
 26480 | D:13     | Slain by a vault guard

Levels and vault maps discovered:
D:1:      dpeg_arrival_arbitrary_c, layout_basic, serial_shops,
          nicolae_shop_advertising_works [nicolae_subvault_shop_adworks]
D:2:      layout_loops_corners, palyth_stone_intersect
D:3:      layout_basic, cheibriados_altar_1, nicolae_ecumenical_pavilion,
          serial_forest, infiniplex_forest_join, infiniplex_forest_3_way,
          infiniplex_forest_clump_long, infiniplex_forest_diagonal,
          infiniplex_forest_clump_curved, infiniplex_forest_corner_1,
          infiniplex_forest_corner_1, infiniplex_forest_straight_2,
          infiniplex_forest_straight_1, infiniplex_forest_lined_3_way
D:4:      gammafunk_steamed_eel, layout_basic, uniq_duvessa
D:5:      layout_gridville, chequers_temple_overflow_statue_of_worship,
          mainiacjoe_overflow_surrounded_room, nicolae_ossuary_entry_catacombs
D:6:      layout_rooms, lemuel_tele_altar, okawaru_altar_gauntlet_db
D:7:      layout_loops_corners, mainiacjoe_overflow_boulevard,
          minmay_temple_entry_proselytizer, ebering_ghost_reflecting_pool,
          uniq_menkaure, uniq_crazy_yiuf_cottage
D:8:      layout_cave_pools, good_gods_mini_temple
D:9:      layout_basic, enter_bailey_3, kennysheep_potato
D:10:     layout_irregular_city, mainiacjoe_overflow_cross_hatched,
          evilmike_ruin_ashenzari, mainiacjoe_overflow_six_doors_small,
          minmay_overflow_temple_star_quad, corner_web_ring,
          nicolae_figureground_sparkle, uniq_maurice
D:11:     layout_loops_ring, lair_entry_dummy, nicolae_trove_entry_crystal
D:12:     layout_cross, orc_0_dummy, billiards_dpeg, uniq_snorg
D:13:     layout_loops_cross, lightli_vaults_fourway_checkpoint, serial_shops,
          nicolae_shop_stone, kennysheep_small_spiral
Lair:1:   layout_gridlike
Lair:2:   layout_chaotic_city, minmay_swamp_entry_worms,
          minmay_snake_entry_guardpost_large, infiniplex_staircase_pool
Lair:3:   layout_regular_city, grunt_megastairs_2, lemuel_fruit_fields
Lair:4:   beast_lair_carwin_large_1, layout_cave_pods,
          infiniplex_staircase_pool_2
Lair:5:   guppyfry_lair_end_dragon, layout_loops_ring, hangedman_lair_in_review,
          minmay_slime_entry_pillars, gauntlet_entry_generic,
          nicolae_quartered_pool_little

Skill      XL: |  1  2  3  4  5  6  7  8  9 10 11 12 13 14 |
---------------+-------------------------------------------+-----
Axes           | 4 5 7 8 9 10 12 14 16 | 16.2
Fighting       | 4 6 7 8 10 12 15 17 19 | 19.0
Armour         | 3 4 5 7 11 13 15 17 | 17.0
Dodging        | 3 4 6 9 10 | 10.0
Throwing       | 1 2 4 |  4.0

Action                   |  1- 3 |  4- 6 |  7- 9 | 10-12 | 13-15 || total
-------------------------+-------+-------+-------+-------+-------++-------
Melee: Hand axe          |    93 |    84 |   241 |       |       ||   418
       Headbutt          |    11 |    12 |    72 |    80 |   145 ||   320
       Punch             |       |     2 |     1 |     5 |     5 ||    13
       War axe           |       |       |    71 |   389 |   461 ||   921
       Morningstar       |       |       |       |       |    21 ||    21
Throw: Boomerang         |       |       |     5 |    56 |    25 ||    86
Invok: Berserk           |     2 |     8 |     9 |    20 |    22 ||    61
       Brothers in Arms  |       |       |       |       |     7 ||     7
  Use: Scroll            |     6 |     6 |    10 |     7 |     3 ||    32
       Potion            |     1 |     1 |     4 |     1 |     2 ||     9
Armor: Animal skin       |    12 |       |       |       |       ||    12
       Scale mail        |       |    21 |       |       |       ||    21
       Chain mail        |       |       |    86 |    20 |       ||   106
       Plate armour      |       |       |       |    93 |    45 ||   138
       Pearl dragon scal |       |       |       |       |   177 ||   177
Dodge: Dodged            |    40 |    20 |    68 |   126 |   364 ||   618

Table legend:
 A = Non-vault XP
 B = Vault XP
 C = Vault XP percentage of total XP
 D = Non-vault monster count
 E = Vault monster count
 F = Vault count percentage of total count
                 A         B        C        D         E       F
            +---------+---------+-------+---------+---------+-------
      Total |   76336 |   26887 |  26.0 |     409 |     111 |  21.3
            +---------+---------+-------+---------+---------+-------
        D:1 |      49 |       0 |   0.0 |      22 |       0 |   0.0
        D:2 |      46 |       0 |   0.0 |      26 |       0 |   0.0
        D:3 |      82 |       0 |   0.0 |      14 |       0 |   0.0
        D:4 |     267 |     222 |  45.4 |      20 |       2 |   9.1
        D:5 |     768 |     161 |  17.3 |      15 |       6 |  28.6
        D:6 |     810 |      35 |   4.1 |      29 |       6 |  17.1
        D:7 |    1915 |     215 |  10.1 |      29 |       2 |   6.5
        D:8 |    2517 |       0 |   0.0 |      24 |       0 |   0.0
        D:9 |    5007 |     129 |   2.5 |      27 |       6 |  18.2
       D:10 |    3127 |     433 |  12.2 |      26 |       1 |   3.7
       D:11 |    3248 |       0 |   0.0 |       9 |       0 |   0.0
       D:12 |    8081 |    2677 |  24.9 |      19 |       4 |  17.4
       D:13 |    8406 |    5148 |  38.0 |      18 |      10 |  35.7
     Lair:1 |    2274 |       0 |   0.0 |       9 |       0 |   0.0
     Lair:2 |    6570 |     627 |   8.7 |      28 |       3 |   9.7
     Lair:3 |   10996 |      85 |   0.8 |      36 |       1 |   2.7
     Lair:4 |   10518 |    3208 |  23.4 |      27 |       9 |  25.0
     Lair:5 |   11655 |   13492 |  53.7 |      31 |      38 |  55.1
    Ossuary |       0 |     455 | 100.0 |       0 |      23 | 100.0
            +---------+---------+-------+---------+---------+-------
